NEW YORK I vs OTTAWA

Created - February-22-21 at 13:23

Goals
1 2 3 OT1 T
NEW YORK I 1 1 1 0 3
OTTAWA 2 1 0 1 4
Shots
1 2 3 OT1 T
NEW YORK I 12 8 10 2 32
OTTAWA 9 10 8 2 29

1st period

1. NEW YORK I , Brandon Saad 6 (Matt Dumba 9) at 0:27
2. OTTAWA , Oskar Sundqvist 4 (Colin Wilson 10, Roman Polak 1) at 1:06
3. OTTAWA , Yanni Gourde 9 (Ryan Suter 15) at 8:15 (PP)

Penalties :
Mark Borowiecki (OTT) for Interference (Minor) at 4:00, Cedric Paquette (NYI) for Hooking (Minor) at 6:37, Anthony Mantha (NYI) for Hooking (Minor) at 13:27, Vince Dunn (OTT) for Diving (Minor) at 18:04

2nd period

4. OTTAWA , Conor Garland 8 (Michal Kempny 6, Mark Borowiecki 6) at 1:52
5. NEW YORK I , Cedric Paquette 2 (Carter Rowney 1, Scott Mayfield 7) at 6:19 (SH)

Penalties :
Matt Dumba (NYI) for Cross-checking (Minor) at 5:45, Jordan Eberle (OTT) for Hooking (Minor) at 10:43

3rd period

6. NEW YORK I , Pierre-Edouard Bellemare 3 (Rasmus Ristolainen 8) at 16:10 (SH)

Penalties :
Rasmus Ristolainen (NYI) for Interference (Minor) at 10:48, Austin Watson (NYI) for Slashing (Minor) at 15:11

Overtime #1

7. OTTAWA , Yanni Gourde 10 (Roman Polak 2, Radek Faksa 7) at 1:59

Penalties :
No Penalty

Goalie Stats

Jacob Markstrom (NYI), 25 saves from 29 shots - (0.862), OTL, 16-4-1, 62:00 minutes
Pekka Rinne (OTT), 29 saves from 32 shots - (0.906), W, 5-6-2, 62:00 minutes

Players Stats for NEW YORK I

Player Name              G  A  P  +/- PIM S  H  SB GA TA FO     MP     PP MP  PK MP  
------------------------------------------------------------------------------------
Anthony Mantha           0  0  0   1  2   3  2  0  0  0  1/2    17:39   3:27   0:00 
Austin Watson            0  0  0  -1  2   1  1  0  0  0  0/0    14:58   0:00   4:07 
Ben Hutton               0  0  0  -2  0   0  0  1  0  0  0/0    11:56   0:00   0:24 
Boone Jenner             0  0  0  -1  0   2  2  0  0  0  11/17  16:41   0:00   5:49 
Brandon Saad             1  0  1   1  0   2  1  0  0  0  0/1    17:40   3:27   0:00 
Carter Rowney            0  1  1   1  0   0  0  0  0  0  1/1     2:59   0:00   2:59 
Cedric Paquette          1  0  1   1  2   4  1  0  0  0  4/6     7:07   0:00   2:09 
Esa Lindell              0  0  0   1  0   2  3  2  0  0  0/0    24:51   2:26   4:30 
Jared Spurgeon           0  0  0   0  0   4  0  3  0  0  0/0    19:02   3:31   0:00 
Josh Bailey              0  0  0  -1  0   1  0  0  0  0  2/3    17:36   2:30   0:00 
Logan Couture            0  0  0  -1  0   3  0  1  0  0  15/24  17:36   2:30   0:00 
Marcus Foligno           0  0  0  -1  0   0  0  0  0  0  0/0    10:52   0:00   0:00 
Matt Dumba               0  1  1   0  2   1  5  2  0  0  0/0    20:51   0:00   3:50 
Nick Foligno             0  0  0   0  0   2  3  0  0  0  2/3    20:58   2:30   1:51 
Pat Maroon               0  0  0  -1  0   1  0  0  0  0  0/0     5:24   0:00   0:37 
Pierre-Edouard Bellemare 1  0  1   0  0   3  0  0  0  0  2/9     7:13   0:00   1:36 
Rasmus Ristolainen       0  1  1   1  2   2  3  2  0  0  0/0    25:07   3:31   3:42 
Ryan Strome              0  0  0   1  0   0  0  1  0  0  8/16   17:40   3:27   0:00 
Scott Mayfield           0  1  1   0  0   1  2  1  0  0  0/0    18:51   2:26   5:22 
Troy Stecher             0  0  0   1  0   0  0  0  0  0  0/0     1:20   0:00   1:20 

Players Stats for OTTAWA

Player Name              G  A  P  +/- PIM S  H  SB GA TA FO     MP     PP MP  PK MP  
------------------------------------------------------------------------------------
Brandon Pirri            0  0  0  -2  0   0  2  0  0  0  0/0    13:16   4:48   0:00 
Colin Wilson             0  1  1   0  0   3  1  0  0  0  3/8    17:31   4:14   1:23 
Conor Garland            1  0  1   0  0   1  0  0  0  0  1/1    10:35   0:00   0:00 
Dmitry Kulikov           0  0  0   1  0   1  1  2  0  0  0/0    14:46   0:00   0:59 
Dominik Simon            0  0  0   0  0   0  0  0  0  0  0/1     8:28   0:00   0:00 
Garnet Hathaway          0  0  0  -1  0   0  1  0  0  0  7/16   12:34   0:34   2:09 
Joakim Nygard            0  0  0   1  0   0  2  0  0  0  0/1    11:54   0:00   0:00 
Jordan Eberle            0  0  0   0  2   3  0  0  0  0  0/1    20:43   4:46   2:26 
Kyle Okposo              0  0  0  -2  0   4  1  0  0  0  2/3    18:17   4:48   1:31 
Marcus Johansson         0  0  0   0  0   0  1  0  0  0  10/26  18:18   4:46   0:00 
Mark Borowiecki          0  1  1  -1  2   2  2  0  0  0  0/0    21:25   4:22   1:52 
Michal Kempny            0  1  1  -1  0   3  1  1  0  0  0/0    20:18   4:22   2:51 
Oskar Sundqvist          1  0  1   1  0   2  3  0  0  0  7/12   12:14   0:00   0:20 
Radek Faksa              0  1  1   1  0   1  0  1  0  0  6/11   13:17   0:00   2:05 
Roman Polak              0  2  2   2  0   0  0  1  0  0  0/0    20:13   0:00   3:06 
Ryan Suter               0  1  1  -1  0   1  3  1  0  0  0/0    24:05   5:12   2:36 
Vince Dunn               0  0  0  -1  2   2  2  2  0  0  0/0    21:11   5:12   0:30 
Yanni Gourde             2  0  2   1  0   6  2  0  0  0  0/2    20:55   4:46   2:00 

3 Stars

1 - Yanni Gourde (OTT)
2 - Oskar Sundqvist (OTT)
3 - Roman Polak (OTT)

Power Play

NEW YORK I - 0 on 3 Attempt(s) - 0.00%
OTTAWA - 1 on 5 Attempt(s) - 20.00%

Penalty Kill

NEW YORK I - 4 on 5 Attempt(s) - 80.00% - Score 2 goal in Penalty Kill
OTTAWA - 3 on 3 Attempt(s) - 100.00% - Score 0 goal in Penalty Kill

Team Stat

NEW YORK I - Hits : 23 - Faceoff Wins : 46 - Blocked Shots : 13 - Penalty Minutes : 10
OTTAWA - Hits : 22 - Faceoff Wins : 36 - Blocked Shots : 8 - Penalty Minutes : 6

Official

Referees : Mike Campbell and Jean Hebert
Linesman : Luke Galvin and Steven Berry

Game Notes

No Game Note

Finance

Level 1 -- Attendance: 4279 (71.32%) -- Ticket Income $427,900
Level 2 -- Attendance: 3623 (72.46%) -- Ticket Income $217,380
Level 3 -- Attendance: 2000 (100.00%) -- Ticket Income $70,000
Level 4 -- Attendance: 4000 (100.00%) -- Ticket Income $80,000
Luxury Box -- Attendance: 690 (69.00%) -- Ticket Income $138,000
Game was played at the Canadian Tire Center.
Total Attendance: 14592 (81.07%)
Total Ticket Income: $933,280
Total Income: $933,280

NEW YORK I

5 vs 5 Forward 
   Center                   Left Wing                Right Wing               Time % Phy DF OF 
 1 Logan Couture            Nick Foligno             Josh Bailey              35     1   1  3  
 2 Ryan Strome              Brandon Saad             Anthony Mantha           30     1   2  2  
 3 Boone Jenner             Marcus Foligno           Austin Watson            25     1   2  2  
 4 Pierre-Edouard Bellemare Pat Maroon               Cedric Paquette          10     2   3  0  

5 vs 5 Defense 
   Defense                  Defense                                           Time % Phy DF OF 
 1 Rasmus Ristolainen       Esa Lindell                                       35     1   2  2  
 2 Matt Dumba               Jared Spurgeon                                    30     1   2  2  
 3 Ben Hutton               Scott Mayfield                                    25     1   2  2  
 4 Rasmus Ristolainen       Esa Lindell                                       10     1   2  2  

PowerPlay Forward 
   Center                   Left Wing                Right Wing               Time % Phy DF OF 
 1 Logan Couture            Nick Foligno             Josh Bailey              60     1   2  2  
 2 Ryan Strome              Brandon Saad             Anthony Mantha           40     1   2  2  

PowerPlay Defense
   Defense                  Defense                                           Time % Phy DF OF 
 1 Rasmus Ristolainen       Jared Spurgeon                                    60     1   2  2  
 2 Scott Mayfield           Esa Lindell                                       40     1   2  2  

Penalty Kill 4 Players Forward 
   Center                   Wing                     Time % Phy DF OF 
 1 Boone Jenner             Austin Watson            60     1   2  2  
 2 Cedric Paquette          Carter Rowney            40     1   2  2  

Penalty Kill 4 Players Defense
   Defense                  Defense                  Time % Phy DF OF 
 1 Rasmus Ristolainen       Esa Lindell              60     1   2  2  
 2 Matt Dumba               Scott Mayfield           40     1   2  2  

Penalty Kill - 3 Players Forward 
   Forward                                           Time % Phy DF OF 
 1 Boone Jenner                                      60     1   2  2  
 2 Marcus Foligno                                    40     1   2  2  

Penalty Kill - 3 Players Defense
   Defense                  Defense                  Time % Phy DF OF 
 1 Rasmus Ristolainen       Esa Lindell              60     1   2  2  
 2 Jared Spurgeon           Scott Mayfield           40     1   2  2  

4 vs 4 Forward 
   Center                   Wing                     Time % Phy DF OF 
 1 Logan Couture            Brandon Saad             60     1   2  2  
 2 Ryan Strome              Anthony Mantha           40     1   2  2  

4 vs 4 Defense
   Defense                  Defense                  Time % Phy DF OF 
 1 Rasmus Ristolainen       Esa Lindell              60     1   2  2  
 2 Jared Spurgeon           Scott Mayfield           40     1   2  2  

Last Minutes Offensive
   Center                   Left Wing                Right Wing               Defense                  Defense                  
   Logan Couture            Brandon Saad             Anthony Mantha           Rasmus Ristolainen       Jared Spurgeon           

Last Minutes Defensive
   Center                   Left Wing                Right Wing               Defense                  Defense                  
   Boone Jenner             Marcus Foligno           Cedric Paquette          Rasmus Ristolainen       Scott Mayfield           

Goaltenders
Starting : Jacob Markstrom          
Backup : Curtis McElhinney        

Extra Forwards
Normal : Austin Watson, Josh Bailey, Pat Maroon - PP : Pierre-Edouard Bellemare, Cedric Paquette - PK : Austin Watson
Extra Defensemen
Normal : Troy Stecher, Jared Spurgeon, Ben Hutton - PP : Troy Stecher - PK : Scott Mayfield, Troy Stecher
Penalty Shots
Logan Couture, Anthony Mantha, Brandon Saad, Nick Foligno, Ryan Strome

Scratches
NYI Cap Hit (Suspend)

OTTAWA

5 vs 5 Forward 
   Center                   Left Wing                Right Wing               Time % Phy DF OF 
 1 Marcus Johansson         Yanni Gourde             Jordan Eberle            35     0   1  4  
 2 Radek Faksa              Kyle Okposo              Conor Garland            30     1   2  2  
 3 Oskar Sundqvist          Joakim Nygard            Colin Wilson             25     1   3  1  
 4 Garnet Hathaway          Brandon Pirri            Dominik Simon            10     2   2  1  

5 vs 5 Defense 
   Defense                  Defense                                           Time % Phy DF OF 
 1 Vince Dunn               Ryan Suter                                        35     1   1  3  
 2 Mark Borowiecki          Michal Kempny                                     30     1   2  2  
 3 Dmitry Kulikov           Roman Polak                                       25     1   3  1  
 4 Mark Borowiecki          Roman Polak                                       10     2   2  1  

PowerPlay Forward 
   Center                   Left Wing                Right Wing               Time % Phy DF OF 
 1 Marcus Johansson         Yanni Gourde             Jordan Eberle            60     0   1  4  
 2 Colin Wilson             Brandon Pirri            Kyle Okposo              40     0   2  3  

PowerPlay Defense
   Defense                  Defense                                           Time % Phy DF OF 
 1 Vince Dunn               Ryan Suter                                        60     0   1  4  
 2 Mark Borowiecki          Michal Kempny                                     40     0   2  3  

Penalty Kill 4 Players Forward 
   Center                   Wing                     Time % Phy DF OF 
 1 Garnet Hathaway          Jordan Eberle            60     1   3  1  
 2 Colin Wilson             Yanni Gourde             40     1   4  0  

Penalty Kill 4 Players Defense
   Defense                  Defense                  Time % Phy DF OF 
 1 Ryan Suter               Roman Polak              60     1   3  1  
 2 Mark Borowiecki          Michal Kempny            40     1   4  0  

Penalty Kill - 3 Players Forward 
   Forward                                           Time % Phy DF OF 
 1 Oskar Sundqvist                                   60     0   4  1  
 2 Garnet Hathaway                                   40     2   3  0  

Penalty Kill - 3 Players Defense
   Defense                  Defense                  Time % Phy DF OF 
 1 Ryan Suter               Roman Polak              60     0   4  1  
 2 Michal Kempny            Mark Borowiecki          40     2   3  0  

4 vs 4 Forward 
   Center                   Wing                     Time % Phy DF OF 
 1 Oskar Sundqvist          Colin Wilson             60     1   2  2  
 2 Garnet Hathaway          Kyle Okposo              40     1   2  2  

4 vs 4 Defense
   Defense                  Defense                  Time % Phy DF OF 
 1 Ryan Suter               Vince Dunn               60     1   2  2  
 2 Mark Borowiecki          Dmitry Kulikov           40     1   2  2  

Last Minutes Offensive
   Center                   Left Wing                Right Wing               Defense                  Defense                  
   Marcus Johansson         Yanni Gourde             Jordan Eberle            Ryan Suter               Vince Dunn               

Last Minutes Defensive
   Center                   Left Wing                Right Wing               Defense                  Defense                  
   Oskar Sundqvist          Yanni Gourde             Jordan Eberle            Ryan Suter               Roman Polak              

Goaltenders
Starting : Pekka Rinne              
Backup : Mackenzie Blackwood      

Extra Forwards
Normal : Colin Wilson, Oskar Sundqvist, Garnet Hathaway - PP : Kyle Okposo, Colin Wilson - PK : Jordan Eberle
Extra Defensemen
Normal : Ryan Suter, Roman Polak, Mark Borowiecki - PP : Michal Kempny - PK : Dmitry Kulikov, Vince Dunn
Penalty Shots
Brandon Pirri, Jordan Eberle, Kyle Okposo, Dmitry Kulikov, Colin Wilson

Scratches
OTT Cap Hit (Suspend), Niklas Kronwall (Healthy), Jujhar Khaira (Healthy), Mirco Mueller (Healthy), Laurent Brossoit (Healthy)

% Time on Ice - NEW YORK I

Lines # - Real PCT - Wanted PCT - Time Play
Normal Forward
1 - 34% - 35% - 15:06
2 - 32% - 30% - 14:13
3 - 24% - 25% - 10:52
4 - 10% - 10% - 4:18
Normal Defense
1 - 34% - 35% - 15:18
2 - 35% - 30% - 15:31
3 - 25% - 25% - 11:03
4 - 6% - 10% - 2:37
PP Forward
1 - 42% - 60% - 2:30
2 - 58% - 40% - 3:27
PP Defense
1 - 59% - 60% - 3:31
2 - 41% - 40% - 2:26
PK Forward
1 - 69% - 60% - 6:35
2 - 31% - 40% - 2:59
PK Defense
1 - 47% - 60% - 4:30
2 - 53% - 40% - 5:04
PK3 Forward
1 - 0% - 60%
2 - 0% - 40%
PK3 Defense
1 - 0% - 60%
2 - 0% - 40%
44 Forward
1 - 0% - 60%
2 - 0% - 40%
44 Defense
1 - 0% - 60%
2 - 0% - 40%
Last Minute Offensive  - 0:00
Last Minute Defensive  - 0:00
Total
Forward - 60:00
Defense - 60:00

% Time on Ice - OTTAWA

Lines # - Real PCT - Wanted PCT - Time Play
Normal Forward
1 - 30% - 35% - 13:32
2 - 24% - 30% - 10:35
3 - 27% - 25% - 11:54
4 - 19% - 10% - 8:28
Normal Defense
1 - 35% - 35% - 15:30
2 - 29% - 30% - 13:05
3 - 31% - 25% - 13:47
4 - 5% - 10% - 2:07
PP Forward
1 - 50% - 60% - 4:46
2 - 50% - 40% - 4:48
PP Defense
1 - 54% - 60% - 5:12
2 - 46% - 40% - 4:22
PK Forward
1 - 77% - 60% - 4:34
2 - 23% - 40% - 1:23
PK Defense
1 - 44% - 60% - 2:36
2 - 56% - 40% - 3:21
PK3 Forward
1 - 0% - 60%
2 - 0% - 40%
PK3 Defense
1 - 0% - 60%
2 - 0% - 40%
44 Forward
1 - 0% - 60%
2 - 0% - 40%
44 Defense
1 - 0% - 60%
2 - 0% - 40%
Last Minute Offensive  - 0:00
Last Minute Defensive  - 0:00
Total
Forward - 60:00
Defense - 60:00

Play-by-Play

1st period


0:01 of 1st period - Marcus Johansson wins face-off versus Logan Couture in neutral zone.
0:13 of 1st period - Off-side.
0:14 of 1st period - Ryan Strome wins face-off versus Radek Faksa in neutral zone.
0:27 of 1st period - Shot by Brandon Saad.
0:27 of 1st period - Goal by Brandon Saad - NEW YORK I : 1 - OTTAWA : 0.
0:28 of 1st period - Oskar Sundqvist wins face-off versus Boone Jenner in neutral zone.
0:54 of 1st period - Shot by Austin Watson.
0:54 of 1st period - Shot Misses the Net.
1:00 of 1st period - Shot by Oskar Sundqvist.
1:00 of 1st period - Shot Misses the Net.
1:02 of 1st period - Shot by Oskar Sundqvist.
1:02 of 1st period - Stopped by Jacob Markstrom with a rebound.
1:04 of 1st period - Shot by Colin Wilson.
1:04 of 1st period - Shot Blocked by Ben Hutton.
1:06 of 1st period - Shot by Oskar Sundqvist.
1:06 of 1st period - Goal by Oskar Sundqvist - NEW YORK I : 1 - OTTAWA : 1.
1:07 of 1st period - Marcus Johansson wins face-off versus Josh Bailey in neutral zone.
1:25 of 1st period - Icing by Ryan Suter.
1:26 of 1st period - Ryan Strome wins face-off versus Marcus Johansson in OTTAWA zone.
1:26 of 1st period - Ryan Strome is hit by Ryan Suter.
1:32 of 1st period - Shot by Brandon Saad.
1:32 of 1st period - Stopped by Pekka Rinne without a rebound.
1:33 of 1st period - Radek Faksa wins face-off versus Pierre-Edouard Bellemare in OTTAWA zone.
1:48 of 1st period - Shot by Rasmus Ristolainen.
1:48 of 1st period - Stopped by Pekka Rinne without a rebound.
1:49 of 1st period - Garnet Hathaway wins face-off versus Anthony Mantha in OTTAWA zone.
1:49 of 1st period - Garnet Hathaway is hit by Anthony Mantha.
2:08 of 1st period - Icing by Ryan Suter.
2:09 of 1st period - Garnet Hathaway wins face-off versus Logan Couture in OTTAWA zone.
2:15 of 1st period - Icing by Vince Dunn.
2:16 of 1st period - Logan Couture wins face-off versus Garnet Hathaway in OTTAWA zone.
3:24 of 1st period - Shot by Brandon Saad.
3:24 of 1st period - Shot Misses the Net.
4:00 of 1st period - Shot by Austin Watson.
4:00 of 1st period - Stopped by Pekka Rinne without a rebound.
4:00 of 1st period - Minor Penalty to Mark Borowiecki for Interference.
4:01 of 1st period - Logan Couture wins face-off versus Radek Faksa in OTTAWA zone.
5:26 of 1st period - Shot by Esa Lindell.
5:26 of 1st period - Shot Misses the Net.
5:28 of 1st period - Shot by Logan Couture.
5:28 of 1st period - Shot Misses the Net.
5:30 of 1st period - Shot by Esa Lindell.
5:30 of 1st period - Stopped by Pekka Rinne without a rebound.
5:31 of 1st period - Colin Wilson wins face-off versus Ryan Strome in OTTAWA zone.
6:20 of 1st period - Marcus Foligno is hit by Brandon Pirri and loses puck.
6:36 of 1st period - Off-side.
6:37 of 1st period - Oskar Sundqvist wins face-off versus Pierre-Edouard Bellemare in neutral zone.
6:37 of 1st period - Minor Penalty to Cedric Paquette for Hooking.
6:38 of 1st period - Boone Jenner wins face-off versus Marcus Johansson in NEW YORK I zone.
6:53 of 1st period - Shot by Ryan Suter.
6:53 of 1st period - Shot Misses the Net.
7:17 of 1st period - Shot by Vince Dunn.
7:17 of 1st period - Shot Misses the Net.
8:15 of 1st period - Shot by Yanni Gourde.
8:15 of 1st period - Goal by Yanni Gourde - NEW YORK I : 1 - OTTAWA : 2.
8:16 of 1st period - Josh Bailey wins face-off versus Oskar Sundqvist in neutral zone.
8:22 of 1st period - Icing by Dmitry Kulikov.
8:23 of 1st period - Oskar Sundqvist wins face-off versus Logan Couture in OTTAWA zone.
8:23 of 1st period - Oskar Sundqvist is hit by Nick Foligno.
8:31 of 1st period - Shot by Oskar Sundqvist.
8:31 of 1st period - Shot Misses the Net.
8:33 of 1st period - Shot by Dmitry Kulikov.
8:33 of 1st period - Stopped by Jacob Markstrom without a rebound.
8:34 of 1st period - Ryan Strome wins face-off versus Marcus Johansson in NEW YORK I zone.
8:53 of 1st period - Shot by Anthony Mantha.
8:53 of 1st period - Shot Blocked by Ryan Suter.
9:32 of 1st period - Kyle Okposo is hit by Matt Dumba and loses puck.
10:50 of 1st period - Marcus Foligno is hit by Oskar Sundqvist and loses puck.
10:58 of 1st period - Colin Wilson is hit by Scott Mayfield and loses puck.
11:08 of 1st period - Austin Watson is hit by Vince Dunn.
11:28 of 1st period - Shot by Cedric Paquette.
11:28 of 1st period - Stopped by Pekka Rinne without a rebound.
11:29 of 1st period - Marcus Johansson wins face-off versus Pierre-Edouard Bellemare in OTTAWA zone.
12:00 of 1st period - Icing by Vince Dunn.
12:01 of 1st period - Logan Couture wins face-off versus Jordan Eberle in OTTAWA zone.
12:06 of 1st period - Shot by Josh Bailey.
12:06 of 1st period - Shot Blocked by Vince Dunn.
12:48 of 1st period - Shot by Conor Garland.
12:48 of 1st period - Shot Misses the Net.
13:12 of 1st period - Shot by Anthony Mantha.
13:12 of 1st period - Stopped by Pekka Rinne without a rebound.
13:13 of 1st period - Oskar Sundqvist wins face-off versus Boone Jenner in OTTAWA zone.
13:20 of 1st period - Shot by Boone Jenner.
13:20 of 1st period - Stopped by Pekka Rinne without a rebound.
13:21 of 1st period - Ryan Strome wins face-off versus Oskar Sundqvist in OTTAWA zone.
13:27 of 1st period - Minor Penalty to Anthony Mantha for Hooking.
13:28 of 1st period - Marcus Johansson wins face-off versus Boone Jenner in NEW YORK I zone.
13:47 of 1st period - Shot by Vince Dunn.
13:47 of 1st period - Stopped by Jacob Markstrom without a rebound.
13:48 of 1st period - Boone Jenner wins face-off versus Colin Wilson in NEW YORK I zone.
14:11 of 1st period - Shot by Brandon Pirri.
14:11 of 1st period - Shot Misses the Net.
14:13 of 1st period - Shot by Mark Borowiecki.
14:13 of 1st period - Stopped by Jacob Markstrom without a rebound.
14:14 of 1st period - Carter Rowney wins face-off versus Marcus Johansson in NEW YORK I zone.
15:15 of 1st period - Shot by Mark Borowiecki.
15:15 of 1st period - Stopped by Jacob Markstrom without a rebound.
15:16 of 1st period - Colin Wilson wins face-off versus Cedric Paquette in NEW YORK I zone.
15:16 of 1st period - Colin Wilson is hit by Esa Lindell.
15:34 of 1st period - Shot by Josh Bailey.
15:34 of 1st period - Shot Blocked by Roman Polak.
15:58 of 1st period - Shot by Esa Lindell.
15:58 of 1st period - Stopped by Pekka Rinne without a rebound.
15:59 of 1st period - Ryan Strome wins face-off versus Yanni Gourde in OTTAWA zone.
16:00 of 1st period - Shot by Matt Dumba.
16:00 of 1st period - Stopped by Pekka Rinne without a rebound.
16:01 of 1st period - Ryan Strome wins face-off versus Marcus Johansson in OTTAWA zone.
16:01 of 1st period - Matt Dumba is hit by Mark Borowiecki and loses puck.
16:08 of 1st period - Shot by Yanni Gourde.
16:08 of 1st period - Stopped by Jacob Markstrom without a rebound.
16:09 of 1st period - Marcus Johansson wins face-off versus Ryan Strome in NEW YORK I zone.
16:27 of 1st period - Ryan Strome is hit by Yanni Gourde.
16:39 of 1st period - Shot by Jordan Eberle.
16:39 of 1st period - Stopped by Jacob Markstrom without a rebound.
16:40 of 1st period - Logan Couture wins face-off versus Radek Faksa in NEW YORK I zone.
16:55 of 1st period - Shot by Josh Bailey.
16:55 of 1st period - Stopped by Pekka Rinne without a rebound.
16:56 of 1st period - Boone Jenner wins face-off versus Oskar Sundqvist in OTTAWA zone.
17:20 of 1st period - Icing by Ryan Suter.
17:21 of 1st period - Logan Couture wins face-off versus Joakim Nygard in OTTAWA zone.
17:21 of 1st period - Josh Bailey is hit by Ryan Suter and loses puck.
17:25 of 1st period - Icing by Vince Dunn.
17:26 of 1st period - Logan Couture wins face-off versus Oskar Sundqvist in OTTAWA zone.
17:26 of 1st period - Nick Foligno is hit by Vince Dunn and loses puck.
17:48 of 1st period - Joakim Nygard is hit by Nick Foligno and loses puck.
17:59 of 1st period - Shot by Nick Foligno.
17:59 of 1st period - Shot Blocked by Vince Dunn.
18:04 of 1st period - Minor Penalty to Vince Dunn for Diving.
18:05 of 1st period - Garnet Hathaway wins face-off versus Brandon Saad in OTTAWA zone.
18:38 of 1st period - Shot by Jared Spurgeon.
18:38 of 1st period - Stopped by Pekka Rinne without a rebound.
18:39 of 1st period - Garnet Hathaway wins face-off versus Logan Couture in OTTAWA zone.
19:11 of 1st period - Shot by Nick Foligno.
19:11 of 1st period - Shot Misses the Net.
Goals for this period are 1 for NEW YORK I vs 2 for OTTAWA.
Shots for this period are 12 for NEW YORK I vs 9 for OTTAWA.

2nd period


0:01 of 2nd period - Logan Couture wins face-off versus Garnet Hathaway in neutral zone.
0:26 of 2nd period - Shot by Kyle Okposo.
0:26 of 2nd period - Stopped by Jacob Markstrom without a rebound.
0:27 of 2nd period - Marcus Johansson wins face-off versus Boone Jenner in NEW YORK I zone.
1:00 of 2nd period - Icing by Dmitry Kulikov.
1:01 of 2nd period - Nick Foligno wins face-off versus Marcus Johansson in OTTAWA zone.
1:11 of 2nd period - Jordan Eberle is hit by Matt Dumba and loses puck.
1:15 of 2nd period - Marcus Johansson is hit by Matt Dumba and loses puck.
1:30 of 2nd period - Shot by Conor Garland.
1:30 of 2nd period - Shot Misses the Net.
1:32 of 2nd period - Shot by Michal Kempny.
1:32 of 2nd period - Stopped by Jacob Markstrom with a rebound.
1:36 of 2nd period - Shot by Kyle Okposo.
1:36 of 2nd period - Stopped by Jacob Markstrom with a rebound.
1:42 of 2nd period - Shot by Radek Faksa.
1:42 of 2nd period - Shot Misses the Net.
1:44 of 2nd period - Shot by Mark Borowiecki.
1:44 of 2nd period - Shot Blocked by Logan Couture.
1:52 of 2nd period - Shot by Conor Garland.
1:52 of 2nd period - Goal by Conor Garland - NEW YORK I : 1 - OTTAWA : 3.
1:53 of 2nd period - Oskar Sundqvist wins face-off versus Ryan Strome in neutral zone.
2:00 of 2nd period - Shot by Colin Wilson.
2:00 of 2nd period - Stopped by Jacob Markstrom without a rebound.
2:01 of 2nd period - Ryan Strome wins face-off versus Oskar Sundqvist in NEW YORK I zone.
2:01 of 2nd period - Ryan Strome is hit by Joakim Nygard.
2:07 of 2nd period - Ryan Suter is hit by Brandon Saad and loses puck.
2:23 of 2nd period - Ryan Strome is hit by Ryan Suter and loses puck.
2:38 of 2nd period - Anthony Mantha is hit by Joakim Nygard and loses puck.
3:37 of 2nd period - Shot by Jordan Eberle.
3:37 of 2nd period - Shot Misses the Net.
3:39 of 2nd period - Shot by Michal Kempny.
3:39 of 2nd period - Stopped by Jacob Markstrom without a rebound.
3:40 of 2nd period - Radek Faksa wins face-off versus Logan Couture in NEW YORK I zone.
3:55 of 2nd period - Shot by Josh Bailey.
3:55 of 2nd period - Deflect By Logan Couture.
3:55 of 2nd period - Shot Misses the Net.
3:57 of 2nd period - Shot by Jared Spurgeon.
3:57 of 2nd period - Shot Misses the Net.
3:59 of 2nd period - Shot by Jared Spurgeon.
3:59 of 2nd period - Stopped by Pekka Rinne without a rebound.
4:00 of 2nd period - Garnet Hathaway wins face-off versus Ryan Strome in OTTAWA zone.
4:24 of 2nd period - Off-side.
4:25 of 2nd period - Marcus Johansson wins face-off versus Logan Couture in neutral zone.
4:48 of 2nd period - Esa Lindell is hit by Marcus Johansson and loses puck.
5:33 of 2nd period - Ryan Suter is hit by Austin Watson and loses puck.
5:37 of 2nd period - Radek Faksa is hit by Boone Jenner and loses puck.
5:45 of 2nd period - Minor Penalty to Matt Dumba for Cross-checking.
5:46 of 2nd period - Colin Wilson wins face-off versus Boone Jenner in NEW YORK I zone.
5:47 of 2nd period - Shot by Vince Dunn.
5:47 of 2nd period - Shot Misses the Net.
5:49 of 2nd period - Shot by Ryan Suter.
5:49 of 2nd period - Shot Blocked by Scott Mayfield.
5:51 of 2nd period - Shot by Kyle Okposo.
5:51 of 2nd period - Stopped by Jacob Markstrom without a rebound.
5:52 of 2nd period - Boone Jenner wins face-off versus Colin Wilson in NEW YORK I zone.
6:17 of 2nd period - Shot by Carter Rowney.
6:17 of 2nd period - Shot Misses the Net.
6:19 of 2nd period - Shot by Carter Rowney.
6:19 of 2nd period - Deflect By Cedric Paquette.
6:19 of 2nd period - Goal by Cedric Paquette - NEW YORK I : 2 - OTTAWA : 3.
6:20 of 2nd period - Boone Jenner wins face-off versus Marcus Johansson in neutral zone.
9:00 of 2nd period - Shot by Pierre-Edouard Bellemare.
9:00 of 2nd period - Stopped by Pekka Rinne without a rebound.
9:01 of 2nd period - Logan Couture wins face-off versus Garnet Hathaway in OTTAWA zone.
9:16 of 2nd period - Shot by Logan Couture.
9:16 of 2nd period - Stopped by Pekka Rinne with a rebound.
9:22 of 2nd period - Shot by Scott Mayfield.
9:22 of 2nd period - Shot Hit the Post.
9:41 of 2nd period - Nick Foligno is hit by Mark Borowiecki.
10:43 of 2nd period - Minor Penalty to Jordan Eberle for Hooking.
10:44 of 2nd period - Garnet Hathaway wins face-off versus Ryan Strome in OTTAWA zone.
11:03 of 2nd period - Shot by Brandon Saad.
11:03 of 2nd period - Shot Misses the Net.
11:05 of 2nd period - Shot by Rasmus Ristolainen.
11:05 of 2nd period - Shot Blocked by Radek Faksa.
11:07 of 2nd period - Shot by Anthony Mantha.
11:07 of 2nd period - Shot Misses the Net.
11:15 of 2nd period - Shot by Jared Spurgeon.
11:15 of 2nd period - Stopped by Pekka Rinne without a rebound.
11:16 of 2nd period - Nick Foligno wins face-off versus Garnet Hathaway in OTTAWA zone.
12:05 of 2nd period - Shot by Jared Spurgeon.
12:05 of 2nd period - Stopped by Pekka Rinne without a rebound.
12:06 of 2nd period - Radek Faksa wins face-off versus Ryan Strome in OTTAWA zone.
12:13 of 2nd period - Shot by Yanni Gourde.
12:13 of 2nd period - Shot Blocked by Rasmus Ristolainen.
12:35 of 2nd period - Shot by Anthony Mantha.
12:35 of 2nd period - Shot Blocked by Michal Kempny.
13:58 of 2nd period - Shot by Pat Maroon.
13:58 of 2nd period - Stopped by Pekka Rinne without a rebound.
13:59 of 2nd period - Conor Garland wins face-off versus Logan Couture in OTTAWA zone.
14:15 of 2nd period - Shot by Radek Faksa.
14:15 of 2nd period - Shot Blocked by Esa Lindell.
14:17 of 2nd period - Shot by Mark Borowiecki.
14:17 of 2nd period - Shot Misses the Net.
14:19 of 2nd period - Shot by Mark Borowiecki.
14:19 of 2nd period - Shot Misses the Net.
14:21 of 2nd period - Shot by Michal Kempny.
14:21 of 2nd period - Stopped by Jacob Markstrom without a rebound.
14:22 of 2nd period - Anthony Mantha wins face-off versus Marcus Johansson in NEW YORK I zone.
14:27 of 2nd period - Ryan Suter is hit by Anthony Mantha and loses puck.
14:38 of 2nd period - Shot by Jordan Eberle.
14:38 of 2nd period - Shot Blocked by Ryan Strome.
14:40 of 2nd period - Shot by Jordan Eberle.
14:40 of 2nd period - Shot Misses the Net.
14:44 of 2nd period - Shot by Yanni Gourde.
14:44 of 2nd period - Stopped by Jacob Markstrom without a rebound.
14:45 of 2nd period - Garnet Hathaway wins face-off versus Logan Couture in NEW YORK I zone.
14:49 of 2nd period - Garnet Hathaway is hit by Matt Dumba and loses puck.
15:33 of 2nd period - Icing by Mark Borowiecki.
15:34 of 2nd period - Ryan Strome wins face-off versus Garnet Hathaway in OTTAWA zone.
16:04 of 2nd period - Shot by Anthony Mantha.
16:04 of 2nd period - Stopped by Pekka Rinne without a rebound.
16:05 of 2nd period - Boone Jenner wins face-off versus Marcus Johansson in OTTAWA zone.
17:27 of 2nd period - Shot by Nick Foligno.
17:27 of 2nd period - Shot Blocked by Dmitry Kulikov.
17:29 of 2nd period - Shot by Logan Couture.
17:29 of 2nd period - Shot Blocked by Dmitry Kulikov.
19:18 of 2nd period - Yanni Gourde is hit by Rasmus Ristolainen and loses puck.
19:25 of 2nd period - Shot by Jordan Eberle.
19:25 of 2nd period - Stopped by Jacob Markstrom with a rebound.
Goals for this period are 1 for NEW YORK I vs 1 for OTTAWA.
Shots for this period are 8 for NEW YORK I vs 10 for OTTAWA.

3rd period


0:01 of 3rd period - Logan Couture wins face-off versus Radek Faksa in neutral zone.
0:09 of 3rd period - Ryan Suter is hit by Esa Lindell and loses puck.
0:20 of 3rd period - Shot by Radek Faksa.
0:20 of 3rd period - Stopped by Jacob Markstrom without a rebound.
0:21 of 3rd period - Marcus Johansson wins face-off versus Ryan Strome in NEW YORK I zone.
0:36 of 3rd period - Shot by Jordan Eberle.
0:36 of 3rd period - Shot Blocked by Matt Dumba.
0:38 of 3rd period - Shot by Yanni Gourde.
0:38 of 3rd period - Stopped by Jacob Markstrom without a rebound.
0:39 of 3rd period - Radek Faksa wins face-off versus Logan Couture in NEW YORK I zone.
1:13 of 3rd period - Shot by Logan Couture.
1:13 of 3rd period - Shot Misses the Net.
1:47 of 3rd period - Shot by Anthony Mantha.
1:47 of 3rd period - Shot Misses the Net.
1:58 of 3rd period - Icing by Roman Polak.
1:59 of 3rd period - Boone Jenner wins face-off versus Marcus Johansson in OTTAWA zone.
2:19 of 3rd period - Off-side.
2:20 of 3rd period - Oskar Sundqvist wins face-off versus Pierre-Edouard Bellemare in neutral zone.
3:08 of 3rd period - Off-side.
3:09 of 3rd period - Logan Couture wins face-off versus Marcus Johansson in neutral zone.
3:23 of 3rd period - Icing by Yanni Gourde.
3:24 of 3rd period - Marcus Johansson wins face-off versus Ryan Strome in OTTAWA zone.
3:44 of 3rd period - Off-side.
3:45 of 3rd period - Logan Couture wins face-off versus Radek Faksa in neutral zone.
3:45 of 3rd period - Logan Couture is hit by Kyle Okposo.
4:04 of 3rd period - Mark Borowiecki is hit by Nick Foligno and loses puck.
4:16 of 3rd period - Logan Couture is hit by Michal Kempny and loses puck.
5:11 of 3rd period - Shot by Yanni Gourde.
5:11 of 3rd period - Shot Blocked by Jared Spurgeon.
5:23 of 3rd period - Shot by Jordan Eberle.
5:23 of 3rd period - Stopped by Jacob Markstrom with a rebound.
5:45 of 3rd period - Jared Spurgeon is hit by Colin Wilson and loses puck.
5:55 of 3rd period - Joakim Nygard is hit by Matt Dumba and loses puck.
6:21 of 3rd period - Matt Dumba is hit by Garnet Hathaway and loses puck.
8:17 of 3rd period - Shot by Joakim Nygard.
8:17 of 3rd period - Shot Misses the Net.
8:30 of 3rd period - Shot by Oskar Sundqvist.
8:30 of 3rd period - Shot Misses the Net.
8:32 of 3rd period - Shot by Joakim Nygard.
8:32 of 3rd period - Deflect By Colin Wilson.
8:32 of 3rd period - Stopped by Jacob Markstrom without a rebound.
8:33 of 3rd period - Cedric Paquette wins face-off versus Garnet Hathaway in NEW YORK I zone.
9:06 of 3rd period - Shot by Rasmus Ristolainen.
9:06 of 3rd period - Stopped by Pekka Rinne without a rebound.
9:07 of 3rd period - Logan Couture wins face-off versus Marcus Johansson in OTTAWA zone.
9:10 of 3rd period - Shot by Scott Mayfield.
9:10 of 3rd period - Stopped by Pekka Rinne without a rebound.
9:11 of 3rd period - Logan Couture wins face-off versus Marcus Johansson in OTTAWA zone.
9:34 of 3rd period - Shot by Josh Bailey.
9:34 of 3rd period - Deflect By Logan Couture.
9:34 of 3rd period - Stopped by Pekka Rinne without a rebound.
9:35 of 3rd period - Radek Faksa wins face-off versus Cedric Paquette in OTTAWA zone.
9:35 of 3rd period - Mark Borowiecki is hit by Cedric Paquette and loses puck.
9:46 of 3rd period - Shot by Esa Lindell.
9:46 of 3rd period - Deflect By Cedric Paquette.
9:46 of 3rd period - Stopped by Pekka Rinne without a rebound.
9:47 of 3rd period - Oskar Sundqvist wins face-off versus Boone Jenner in OTTAWA zone.
9:47 of 3rd period - Oskar Sundqvist is hit by Boone Jenner.
10:20 of 3rd period - Shot by Colin Wilson.
10:20 of 3rd period - Stopped by Jacob Markstrom without a rebound.
10:21 of 3rd period - Josh Bailey wins face-off versus Marcus Johansson in NEW YORK I zone.
10:45 of 3rd period - Jordan Eberle is hit by Rasmus Ristolainen.
10:48 of 3rd period - Minor Penalty to Rasmus Ristolainen for Interference.
10:49 of 3rd period - Boone Jenner wins face-off versus Colin Wilson in NEW YORK I zone.
10:49 of 3rd period - Scott Mayfield is hit by Brandon Pirri and loses puck.
11:50 of 3rd period - Shot by Nick Foligno.
11:50 of 3rd period - Stopped by Pekka Rinne without a rebound.
11:51 of 3rd period - Cedric Paquette wins face-off versus Marcus Johansson in OTTAWA zone.
13:09 of 3rd period - Shot by Brandon Saad.
13:09 of 3rd period - Deflect By Anthony Mantha.
13:09 of 3rd period - Stopped by Pekka Rinne without a rebound.
13:10 of 3rd period - Logan Couture wins face-off versus Garnet Hathaway in OTTAWA zone.
13:11 of 3rd period - Shot by Josh Bailey.
13:11 of 3rd period - Deflect By Logan Couture.
13:11 of 3rd period - Stopped by Pekka Rinne with a rebound.
14:08 of 3rd period - Brandon Saad is hit by Oskar Sundqvist.
14:30 of 3rd period - Shot by Ryan Strome.
14:30 of 3rd period - Shot Misses the Net.
14:47 of 3rd period - Scott Mayfield is hit by Oskar Sundqvist and loses puck.
14:59 of 3rd period - Marcus Johansson is hit by Scott Mayfield and loses puck.
15:11 of 3rd period - Minor Penalty to Austin Watson for Slashing.
15:12 of 3rd period - Boone Jenner wins face-off versus Yanni Gourde in NEW YORK I zone.
15:18 of 3rd period - Icing by Marcus Johansson.
15:19 of 3rd period - Marcus Johansson wins face-off versus Nick Foligno in OTTAWA zone.
15:30 of 3rd period - Shot by Ryan Suter.
15:30 of 3rd period - Shot Blocked by Esa Lindell.
15:34 of 3rd period - Shot by Jordan Eberle.
15:34 of 3rd period - Shot Blocked by Rasmus Ristolainen.
15:36 of 3rd period - Shot by Vince Dunn.
15:36 of 3rd period - Stopped by Jacob Markstrom without a rebound.
15:37 of 3rd period - Boone Jenner wins face-off versus Garnet Hathaway in NEW YORK I zone.
16:10 of 3rd period - Shot by Pierre-Edouard Bellemare.
16:10 of 3rd period - Goal by Pierre-Edouard Bellemare - NEW YORK I : 3 - OTTAWA : 3.
16:11 of 3rd period - Pierre-Edouard Bellemare wins face-off versus Marcus Johansson in neutral zone.
16:51 of 3rd period - Shot by Ryan Suter.
16:51 of 3rd period - Stopped by Jacob Markstrom without a rebound.
16:52 of 3rd period - Cedric Paquette wins face-off versus Colin Wilson in NEW YORK I zone.
17:00 of 3rd period - Shot by Kyle Okposo.
17:00 of 3rd period - Stopped by Jacob Markstrom without a rebound.
17:01 of 3rd period - Pierre-Edouard Bellemare wins face-off versus Colin Wilson in NEW YORK I zone.
17:15 of 3rd period - Matt Dumba is hit by Dmitry Kulikov and loses puck.
17:32 of 3rd period - Shot by Conor Garland.
17:32 of 3rd period - Shot Blocked by Jared Spurgeon.
18:07 of 3rd period - Matt Dumba is hit by Yanni Gourde and loses puck.
18:46 of 3rd period - Shot by Colin Wilson.
18:46 of 3rd period - Shot Blocked by Jared Spurgeon.
19:08 of 3rd period - Shot by Josh Bailey.
19:08 of 3rd period - Deflect By Nick Foligno.
19:08 of 3rd period - Stopped by Pekka Rinne without a rebound.
19:09 of 3rd period - Boone Jenner wins face-off versus Dominik Simon in OTTAWA zone.
19:12 of 3rd period - Shot by Boone Jenner.
19:12 of 3rd period - Stopped by Pekka Rinne with a rebound.
19:19 of 3rd period - Roman Polak is hit by Esa Lindell and loses puck.
19:23 of 3rd period - Dominik Simon is hit by Rasmus Ristolainen and loses puck.
19:55 of 3rd period - Icing by Dmitry Kulikov.
19:56 of 3rd period - Logan Couture wins face-off versus Garnet Hathaway in OTTAWA zone.
Goals for this period are 1 for NEW YORK I vs 0 for OTTAWA.
Shots for this period are 10 for NEW YORK I vs 8 for OTTAWA.

Overtime #1


0:01 of 1st overtime period - Kyle Okposo wins face-off versus Pierre-Edouard Bellemare in neutral zone.
0:10 of 1st overtime period - Shot by Garnet Hathaway.
0:10 of 1st overtime period - Shot Blocked by Matt Dumba.
0:18 of 1st overtime period - Shot by Pierre-Edouard Bellemare.
0:18 of 1st overtime period - Stopped by Pekka Rinne without a rebound.
0:19 of 1st overtime period - Kyle Okposo wins face-off versus Pierre-Edouard Bellemare in OTTAWA zone.
1:15 of 1st overtime period - Shot by Yanni Gourde.
1:15 of 1st overtime period - Stopped by Jacob Markstrom without a rebound.
1:16 of 1st overtime period - Cedric Paquette wins face-off versus Kyle Okposo in NEW YORK I zone.
1:43 of 1st overtime period - Shot by Cedric Paquette.
1:43 of 1st overtime period - Stopped by Pekka Rinne without a rebound.
1:44 of 1st overtime period - Radek Faksa wins face-off versus Pierre-Edouard Bellemare in OTTAWA zone.
1:59 of 1st overtime period - Shot by Yanni Gourde.
1:59 of 1st overtime period - Goal by Yanni Gourde - NEW YORK I : 3 - OTTAWA : 4.
Goals for this period are 0 for NEW YORK I vs 1 for OTTAWA.
Shots for this period are 2 for NEW YORK I vs 2 for OTTAWA.